 Dungeon Crawl Stone Soup version 0.29-a0-284-gf9362112df (webtiles) character file.

Game seed: 12568713702627932178

1493 YayAnonymity the Carver (level 8, -1/63 HPs)
             Began as a Yellow Draconian Berserker on Mar 26, 2022.
             Was an Elder of Trog.
             Slain by Eustachio
             ... wielding a +0 rapier
              (8 damage)
             ... on level 4 of the Dungeon.
             The game lasted 00:09:16 (6413 turns).

YayAnonymity the Carver (DrBe)                      Turns: 6413, Time: 00:09:16

Health: -1/63      AC:  6    Str: 20      XL:     8   Next: 51%
Magic:  8/8        EV: 14    Int:  8      God:    Trog [****..]
Gold:   283        SH:  0    Dex: 11 (12) Spells: 7/7 levels left

rFire   . . .      SeeInvis .   a - +2 falchion (vamp)
rCold   . . .      Faith    .   (no shield)
rNeg    . . .      Spirit   .   (body armour unavailable)
rPois   .          Reflect  .   (helmet restricted)
rElec   .          Harm     .   (no cloak)
rCorr   +          Rampage  .   (no gloves)
Will    ++...                   (no boots)
Stlth   +.........              (no amulet)
HPRegen 1.20/turn               p - +4 ring of slaying
MPRegen 0.11/turn               (no ring)

@: strong-willed, on berserk cooldown, regenerating, slowed, very slow
A: spit acid, AC +6, unfitting armour, cold-blooded, acid resistance
a: Breathe Acid, Renounce Religion, Berserk, Trog's Hand, Brothers in Arms


You were on level 4 of the Dungeon.
You worshipped Trog.
Trog was greatly pleased with you.
You visited 1 branch of the dungeon, and saw 5 of its levels.
You also visited: Sewer.

You collected 283 gold pieces.

Inventory:

Hand Weapons
 a - a +2 vampiric falchion (weapon)
Missiles
 j - 4 javelins (quivered)
 m - 3 boomerangs
 u - 4 throwing nets
Jewellery
 p - a +4 ring of slaying (left hand)
Wands
 v - a wand of flame (17)
 w - a wand of acid (3)
Scrolls
 b - 4 scrolls of fear
 c - a scroll of vulnerability
 d - a scroll of immolation
 e - a scroll of noise
 k - a scroll of enchant weapon {unknown}
 l - 3 scrolls of blinking {unknown}
 n - 3 scrolls of acquirement {unknown}
 t - a scroll of fog {unknown}
Potions
 f - 2 potions of mutation
 g - 2 potions of flight
 h - a potion of might
 i - a potion of berserk rage {unknown}
 o - 3 potions of curing
 q - a potion of resistance {unknown}
 r - 2 potions of heal wounds {unknown}
 s - a potion of invisibility {unknown}


   Skills:
 - Level 3.2 Fighting
 * Level 9.3 Long Blades
 + Level 6.1 Dodging


You had 7 spell levels left.
You didn't know any spells.
Your spell library was empty.

Dungeon Overview and Level Annotations

Branches:
Dungeon (5/15)              Sewer (visited)
 Temple: D:4-7

Altars:
Kikubaaqudgha
Ru

Annotations:
D:4 Eustachio


Innate Abilities, Weirdness & Mutations

You can spit globs of acid.
Your golden yellow scales are hard. (AC +6)
You cannot fit into any form of body armour.
You are cold-blooded and may be slowed by cold attacks.
You are resistant to acid. (rCorr)


Message History

The quasit closely misses you. x2
Eustachio casts a spell.
The crimson imp sputters.
The quasit bites you but does no damage.
The quasit claws you but does no damage.
The quasit completely misses you.
The crimson imp blinks!
The quasit bites you but does no damage.
The quasit barely misses you. The quasit closely misses you.
Eustachio closely misses you.
The crimson imp shouts, "Quit, thou feckless two-tin-hat maggot-pie!"
The river rat bites you.
* * * LOW HITPOINT WARNING * * *
The river rat bites you!
* * * LOW HITPOINT WARNING * * *
The quasit bites you but does no damage.
The quasit closely misses you. The quasit claws you.
* * * LOW HITPOINT WARNING * * *
There is an escape hatch in the ceiling here.
Eustachio hits you with a +0 rapier.
* * * LOW HITPOINT WARNING * * *
The quasit bites you but does no damage.
The quasit claws you but does no damage. x2
The river rat barely misses you. x2
Eustachio casts a spell.
Eustachio blinks!
The crimson imp closely misses you. The quasit completely misses you.
The quasit barely misses you.
The quasit claws you but does no damage.
The river rat bites you.
* * * LOW HITPOINT WARNING * * *
The river rat closely misses you. A mysterious force pulls you upwards.
The hatch slams shut behind you.
The quasit disappears in a puff of smoke!
The crimson imp disappears in a puff of smoke!
The river rat disappears in a puff of smoke!
The crimson imp disappears in a puff of smoke!
The river rat disappears in a puff of smoke!
Your skin crawls.
You feel strong-willed. Eustachio hits you with a +0 rapier!
You die...

...........##'####.............#
.)....###+##.....'.............#
......#..........#..........)..#
.....<#..........#.............#
....).#...######'#.............#
..>...#...##.....#.............#
......#..........#.............#
......#........@.###############
############.#..@.#
.............#....#
##.####.####.######
.#.#..'.'..#.# .#.#..#.#..#.#
##.#'##.#'##.# ........(....#
##.#+##.#'##.# .#.#..#.#..#.#


You could see Eustachio.

Vanquished Creatures
  Grinder (D:3)
  2 ice beasts (D:5)
  An ogre (D:5)
  A phantom (D:5)
  2 bullfrogs (Sewer)
  A scorpion (D:5)
  A jelly (D:5)
  3 orc priests (D:4)
  2 hounds (D:5)
  2 iguanas (D:5)
  4 orc wizards
  Ijyb (D:5)
  8 gnolls
  8 river rats
  12 adders
  A white imp (D:5)
  2 ufetubi (D:5)
  2 worms
  A dart slug (D:1)
  19 orcs
  9 endoplasms
  4 giant cockroaches
  8 goblins
  7 hobgoblins
  3 jackals (D:2)
  2 kobolds
  A quokka (D:5)
  14 ball pythons
  6 bats
  3 frilled lizards
  38 rats
169 creatures vanquished.

Vanquished Creatures (others)
  A demonic plant (D:1)
  A fungus (D:1)
  2 plants (D:3)
  A withered plant (D:1)
5 creatures vanquished.

Grand Total: 174 creatures vanquished

Notes
Turn   | Place    | Note
-------+----------+-------------------------------------------
     0 | D:1      | YayAnonymity the Draconian Berserker began the quest for
                  | the Orb.
     0 | D:1      | Reached XP level 1. HP: 19/19 MP: 1/1
   154 | D:1      | Found a faded altar of an unknown god.
   291 | D:1      | Reached XP level 2. HP: 26/26 MP: 2/2
   992 | D:2      | Reached ** piety under Trog
  1142 | D:2      | Reached XP level 3. HP: 20/31 MP: 3/3
  1292 | D:2      | Reached skill level 4 in Long Blades
  1608 | D:2      | Reached XP level 4. HP: 21/38 MP: 4/4
  2149 | D:3      | Noticed Grinder
  2159 | D:3      | Paralysed by Grinder for 6 turns
  2171 | D:3      | Killed Grinder
  2172 | D:3      | Reached skill level 5 in Long Blades
  2172 | D:3      | Reached XP level 5. HP: 34/45 MP: 5/5
  2172 | D:3      | Reached XP level 6. HP: 38/51 MP: 6/6
  2312 | D:3      | Reached skill level 6 in Long Blades
  3205 | D:3      | Found a sacrificial altar of Ru.
  4159 | D:4      | Found an ancient bone altar of Kikubaaqudgha.
  4537 | D:5      | Entered Level 5 of the Dungeon
  4621 | D:5      | Reached *** piety under Trog
  4638 | D:5      | Found a glowing drain.
  4781 | Sewer    | Entered a sewer
  4804 | Sewer    | Your scales start taking on a golden yellow colour.
  4804 | Sewer    | Reached XP level 7. HP: 57/57 MP: 7/7
  4804 | Sewer    | Gained mutation: You are resistant to acid. (rCorr) [Yellow
                  | Draconian growth]
  5007 | Sewer    | Reached skill level 7 in Long Blades
  5148 | Sewer    | Reached **** piety under Trog
  5291 | Sewer    | Reached skill level 5 in Dodging
  5604 | D:5      | Reached skill level 8 in Long Blades
  5995 | D:5      | Reached XP level 8. HP: 63/63 MP: 8/8
  6109 | D:5      | Reached skill level 9 in Long Blades
  6155 | D:5      | Noticed Ijyb
  6171 | D:5      | Killed Ijyb
  6379 | D:5      | Noticed Eustachio
  6413 | D:4      | Slain by Eustachio

Illustrated notes

Levels and vault maps discovered:
D:1:      ncdulo_smallfort, layout_basic, shapermc_ecumenical_altar_gd,
          chequers_mini_garden, minmay_misc_feat_iff
D:2:      layout_rooms, grunt_decor_fettered
D:3:      layout_basic, old_standard_altar, serial_forest,
          infiniplex_forest_corner_2, infiniplex_forest_zigzag_1,
          infiniplex_forest_corner_1, infiniplex_forest_join,
          infiniplex_forest_lined_corner, infiniplex_forest_clump_large,
          minmay_misc_feat_diagonals, uniq_grinder
D:4:      minmay_door_path, layout_gridville, general_overflow_altar
D:5:      minmay_skewed_foursquare, layout_loops_corners, portal_sewer_entry_e,
          uniq_eustachio, uniq_ijyb

Skill      XL: |  1  2  3  4  5  6  7  8 |
---------------+-------------------------+-----
Dodging        | 3 4 5 6 |  6.1
Long Blades    | 4 5 6 8 9 |  9.3
Fighting       | |  3.2

Action                   |  1- 3 |  4- 6 |  7- 9 || total
-------------------------+-------+-------+-------++-------
Melee: Falchion          |    95 |   242 |   228 ||   565
       Tailslap          |     9 |    31 |    31 ||    71
       Punch             |     2 |     2 |     3 ||     7
Invok: Berserk           |     1 |     3 |     7 ||    11
       Trog's Hand       |       |       |     1 ||     1
 Abil: Breathe Acid      |       |       |     1 ||     1
  Use: Scroll            |     4 |     4 |     1 ||     9
 Stab: Sleeping          |     1 |       |       ||     1
       Distracted        |       |     1 |       ||     1
Armor: Skin              |    30 |    62 |   107 ||   199
Dodge: Dodged            |    65 |   126 |   234 ||   425

Table legend: (Time is in decaauts)
 A = Elapsed time spent in this place.
 B = Non-inter-level travel time spent in this place.
 C = Inter-level travel time spent in this place.
 D = Time resting spent in this place.
 E = Time spent auto-exploring this place.
 F = Levels seen in this place.
 G = Mean time per level.
                   A        B        C        D        E       F      G
               +--------+--------+--------+--------+--------+-----+--------+
         Total |   6579 |   6374 |    205 |   1530 |   3549 |   6 | 1096.5 |
       Dungeon |   5909 |   5704 |    205 |   1320 |   3389 |   5 | 1181.8 |
         Sewer |    670 |    670 |      0 |    210 |    160 |   1 |  670.0 |
               +--------+--------+--------+--------+--------+-----+--------+

Top non-repeatable levels by time:
     D:3: 1441 daAuts
     D:2: 1432 daAuts
     D:5: 1322 daAuts
     D:1: 987 daAuts
     D:4: 726 daAuts
   Sewer: 670 daAuts
